[Event "Israel Youth-ch U14 2025"]
[Site "Rishon Le Zion"]
[Date "2025.04.09"]
[Round "7.1"]
[White "Sapir, Omri"]
[Black "Zakin, Ilay"]
[Result "0-1"]
[Annotator "ChessBase"]
[ECO "B22"]
[WhiteElo "1746"]
[BlackElo "2254"]
[PlyCount "132"]
[EventDate "2025.04.03"]
[EventType "swiss"]
[EventCountry "ISR"]
[SourceTitle "playchess.com"]
[Source "ChessBase"]
[SourceQuality "1"]
[TimeControl "5400+30"]

1. e4 c5 2. c3 Nf6 3. e5 Nd5 4. d4 Nc6 5. Nf3 cxd4 6. cxd4 d6 7. Bc4 dxe5 8. Bxd5 Qxd5 9. Nc3 Qd6 10. d5 Nd4 11. Nxd4 exd4 12. Qxd4 e5 13. Qd3 Bd7 14. O-O Qg6 15. Qe2 Bd6 16. Rd1 O-O 17. Ne4 Bb8 18. b3 f5 19. Nc5 Bc8 20. Bb2 b6 21. Nd3 e4 22. Ne5 Qe8 23. d6 Be6 24. Qa6 Qd8 25. Ba3 Qf6 26. Qb7 Qxe5 27. Qxa8 f4 28. d7 f3 29. g3 Rd8 30. Bd6 Qf5 31. Kh1 Bc7 32. Qc6 Qh3 33. Rg1 Bxd6 34. Qxd6 Rxd7 35. Qb8+ Kf7 36. Qf4+ Qf5 37. Qxf5+ Bxf5 38. Rgd1 Re7 39. Re1 g5 40. Rac1 Kg6 41. Rc4 Rd7 42. g4 Bxg4 43. Rcxe4 Bf5 44. Re7 Rd2 45. Kg1 Rxa2 46. Rc7 g4 47. Rc6+ Kg5 48. Rc4 Rb2 49. Rc3 Kh4 50. Rec1 a5 51. Re3 Bg6 52. Rec3 Bf5 53. Re3 Bc2 54. Rc3 Bxb3 55. Rc6 a4 56. Rh6+ Kg5 57. Rxb6 Kf5 58. Rb5+ Ke4 59. Ra1 a3 60. h3 g3 61. Rb4+ Kd5 62. fxg3 Kc5 63. Rb8 f2+ 64. Kg2 Bd5+ 65. Kf1 Bc4+ 66. Kg2 f1=Q# 0-1

[Event "Israel Youth-ch U14 2025"]
[Site "Rishon Le Zion"]
[Date "2025.04.09"]
[Round "7.2"]
[White "Shilon Rahav, Eliran"]
[Black "Vardi, Daniel"]
[Result "1-0"]
[Annotator "ChessBase"]
[ECO "B40"]
[WhiteElo "2189"]
[BlackElo "2049"]
[PlyCount "63"]
[EventDate "2025.04.03"]
[EventType "swiss"]
[EventCountry "ISR"]
[SourceTitle "playchess.com"]
[Source "ChessBase"]
[SourceQuality "1"]
[TimeControl "5400+30"]

1. e4 c5 2. Nf3 e6 3. g3 d5 4. exd5 exd5 5. d4 Nc6 6. Bg2 Bg4 7. O-O cxd4 8. Nbd2 Nf6 9. Nb3 Be7 10. Nbxd4 O-O 11. Be3 Ne4 12. h3 Bh5 13. g4 Bg6 14. c3 Bf6 15. Ne2 Qd7 16. Nf4 Rad8 17. Nxg6 hxg6 18. Qc2 Rfe8 19. Rad1 Qc7 20. Rfe1 a6 21. Qb3 Qd6 22. g5 Be7 23. Bb6 Nc5 24. Qa3 Rc8 25. Bxc5 Qxc5 26. Qxc5 Bxc5 27. Rxd5 Bb6 28. Rd7 Rxe1+ 29. Nxe1 Re8 30. Kf1 Ne5 31. Rxb7 Nc4 32. Bd5 1-0

[Event "Israel Youth-ch U14 2025"]
[Site "Rishon Le Zion"]
[Date "2025.04.09"]
[Round "7.3"]
[White "Weber, Yonatan"]
[Black "Ashkenazy, Nir"]
[Result "1-0"]
[Annotator "ChessBase"]
[ECO "A13"]
[WhiteElo "2159"]
[BlackElo "1830"]
[PlyCount "65"]
[EventDate "2025.04.03"]
[EventType "swiss"]
[EventCountry "ISR"]
[SourceTitle "playchess.com"]
[Source "ChessBase"]
[SourceQuality "1"]
[TimeControl "5400+30"]

1. c4 e6 2. g3 d5 3. Bg2 a6 4. Nf3 dxc4 5. a4 Nf6 6. Qc2 Nc6 7. Qxc4 Qd5 8. Na3 Na5 9. Qxc7 Bd6 10. Qc3 Nb3 11. Rb1 Nc5 12. b3 Nce4 13. Qc4 Qxc4 14. Nxc4 Bc5 15. O-O b5 16. Nce5 Nd5 17. Ne1 Nd6 18. N1d3 Bb6 19. Ba3 Nb7 20. Nb4 f6 21. Nxd5 exd5 22. Nd3 d4 23. Rfc1 Rb8 24. Rxc8+ Rxc8 25. Bxb7 Rc2 26. Bxa6 bxa4 27. bxa4 Bd8 28. Rb7 Bc7 29. Nc5 Kd8 30. Bd3 Ra2 31. Ne6+ Kd7 32. Rxc7+ Kxe6 33. Bc4+ 1-0

[Event "Israel Youth-ch U14 2025"]
[Site "Rishon Le Zion"]
[Date "2025.04.09"]
[Round "7.4"]
[White "Kendel, Eitan"]
[Black "Hanein, Avri"]
[Result "0-1"]
[Annotator "NA"]
[ECO "B50"]
[WhiteElo "1850"]
[BlackElo "2027"]
[PlyCount "76"]
[EventDate "2025.04.03"]
[EventType "swiss"]
[EventCountry "ISR"]
[SourceTitle "playchess.com"]
[Source "ChessBase"]
[SourceQuality "1"]
[TimeControl "5400+30"]

1. e4 c5 2. Nf3 d6 3. b3 Nf6 4. Bb5+ Nbd7 5. d3 a6 6. Bxd7+ Bxd7 7. Bb2 e6 8. O-O Be7 9. Re1 e5 10. a4 b5 11. axb5 axb5 12. Nbd2 O-O 13. Qe2 Nh5 14. Qf1 f5 15. exf5 Bxf5 16. Ne4 Nf4 17. Ng3 Bg6 18. Nd2 h5 19. Ne2 Ne6 20. Nc3 Nd4 21. Rec1 Bh4 22. Rxa8 Qxa8 23. f3 Bg5 24. Qf2 Bh6 25. Ra1 Qc6 26. Nde4 d5 27. Ng3 h4 28. Nf1 h3 29. Nxd5 Qxd5 30. Bxd4 exd4 31. Re1 hxg2 32. Qxg2 Qxf3 33. Qxf3 Rxf3 34. Re6 Kh7 35. Rb6 c4 36. Kg2 Rf6 37. Rxb5 cxd3 38. Rc5 dxc2 0-1